DSL
DSL CLEVELAND GUARDIANS @ DSL JACKSONVILLE BOMBERS
06/20/2042
 
TOP OF THE 1ST
DSL Cleveland Guardians batting - Pitching for DSL Jacksonville Bombers : RHP Juan Martínez
Pitching: RHP Juan Martínez
Batting: RHB José Fuentes 0-0: Ball
1-0: Called Strike
1-1: Fly out, F7 (Flyball, 78M, EV 86.3 MPH)
Batting: RHB António Miranda 0-0: Swinging Strike
0-1: Ground out 5-3 (Groundball, 56, EV 87.5 MPH)
Batting: RHB Cisco Valdéz 0-0: Called Strike
0-1: Swinging Strike
0-2: Ground out 5-3 (Groundball, 5, EV 83.8 MPH)
Top of the 1st over - 0 runs, 0 hits, 0 errors, 0 left on base; DSL Cleveland 0 - DSL Jacksonville 0
BOTTOM OF THE 1ST
DSL Jacksonville Bombers batting - Pitching for DSL Cleveland Guardians : LHP José González
Pitching: LHP José González
Batting: RHB Juan Miranda 0-0: Ball
1-0: Called Strike
1-1: Swinging Strike
1-2: Strikes out swinging
Batting: LHB Freddy Abreu 0-0: Called Strike
0-1: Ball
1-1: DOUBLE (Line Drive, 78XD, EV 102.5 MPH)
Batting: RHB José Castillo 0-0: SINGLE (Groundball, 4MD, EV 98.8 MPH) (infield hit)
Freddy Abreu to third
Batting: RHB Tetsuhiko Okubo 0-0: Fly out, F8 (Flyball, 8LS, EV 95.0 MPH)
Batting: RHB Jorge García 0-0: Foul Ball, location: 2F
0-1: 3-RUN HOME RUN (Flyball, 89XD, EV 101.9 MPH), Distance : 429 ft
Batting: RHB Bernardo Muñóz 0-0: Ground out 6-3 (Groundball, 6, EV 103.1 MPH)
Bottom of the 1st over - 3 runs, 3 hits, 0 errors, 0 left on base; DSL Cleveland 0 - DSL Jacksonville 3
TOP OF THE 2ND
DSL Cleveland Guardians batting - Pitching for DSL Jacksonville Bombers : RHP Juan Martínez
Batting: RHB Luis Castillo 0-0: Foul Ball, location: 5DF
0-1: Ball
1-1: Ground out 4-3 (Groundball, 4, EV 85.0 MPH)
Batting: SHB Samuel Avery 0-0: Ball
1-0: Ground out 4-3 (Groundball, 4MD, EV 101.3 MPH)
Batting: RHB César Martínez 0-0: Ground out 5-3 (Groundball, 5S, EV 88.1 MPH)
Top of the 2nd over - 0 runs, 0 hits, 0 errors, 0 left on base; DSL Cleveland 0 - DSL Jacksonville 3
BOTTOM OF THE 2ND
DSL Jacksonville Bombers batting - Pitching for DSL Cleveland Guardians : LHP José González
Batting: RHB Norberto Morales 0-0: Ball
1-0: Ball
2-0: Foul Ball, location: 2RF
2-1: Ground out 6-3 (Groundball, 6, EV 83.1 MPH)
Batting: RHB Jesús Valenzuela 0-0: Foul Ball, location: 23F
0-1: Called Strike
0-2: Foul Ball, location: 5DF
0-2: Strikes out swinging
Batting: RHB Jim Unknown 0-0: Called Strike
0-1: Fly out, F8 (Flyball, 8RD, EV 108.8 MPH)
Bottom of the 2nd over - 0 runs, 0 hits, 0 errors, 0 left on base; DSL Cleveland 0 - DSL Jacksonville 3
TOP OF THE 3RD
DSL Cleveland Guardians batting - Pitching for DSL Jacksonville Bombers : RHP Juan Martínez
Batting: RHB Dani Cruz 0-0: Swinging Strike
0-1: Called Strike
0-2: Ball
1-2: Foul Ball, location: 5FF
1-2: Ball
2-2: Ball
3-2: Base on Balls
Batting: RHB Sergio González 0-0: Ball
1-0: Ball
2-0: Bunted foul
2-1: Bunted foul
2-2: Ball
3-2: 2-RUN HOME RUN (Flyball, 78XD, EV 105.6 MPH), Distance : 427 ft
Batting: LHB Tony Jiménez 0-0: Fly out, F9 (Flyball, 9, EV 98.8 MPH)
Batting: RHB José Fuentes 0-0: Swinging Strike
0-1: Ball
1-1: Ball
2-1: Foul Ball, location: 23F
2-2: Ball
3-2: Foul Ball, location: 2F
3-2: Ground out 6-3 (Groundball, 6, EV 85.6 MPH)
Batting: RHB António Miranda 0-0: Foul Ball, location: 23F
0-1: Ball
1-1: Ball
2-1: Ball
3-1: Called Strike
3-2: Strikes out looking
Top of the 3rd over - 2 runs, 1 hit, 0 errors, 0 left on base; DSL Cleveland 2 - DSL Jacksonville 3
BOTTOM OF THE 3RD
DSL Jacksonville Bombers batting - Pitching for DSL Cleveland Guardians : LHP José González
Batting: RHB Juan Miranda 0-0: Fly out, F5 (Line Drive, 5L, EV 68.8 MPH)
Batting: LHB Freddy Abreu 0-0: Ball
1-0: Ball
2-0: Ball
3-0: Base on Balls
Batting: RHB José Castillo 0-0: Called Strike
0-1: Called Strike
0-2: Foul Ball, location: 9LMF
0-2: Ball
1-2: Ball
2-2: 2-RUN HOME RUN (Flyball, 89XD, EV 105.0 MPH), Distance : 424 ft
Batting: RHB Tetsuhiko Okubo 0-0: Foul Ball, location: 9LMF
0-1: Called Strike
0-2: Ball
1-2: SINGLE (Line Drive, 8RS, EV 100.0 MPH)
Batting: RHB Jorge García 0-0: Ball
1-0: Foul Ball, location: 3F
1-1: Ball
2-1: Foul Ball, location: 2F
2-2: Ball
3-2: Base on Balls
Tetsuhiko Okubo to second
Batting: RHB Bernardo Muñóz 0-0: Ball
1-0: Called Strike
1-1: Foul Ball, location: 2F
1-2: Strikes out swinging
Batting: RHB Norberto Morales 0-0: Ball
1-0: Called Strike
1-1: Foul Ball, location: 25F
1-2: Ball
2-2: Ball
3-2: Foul Ball, location: 2F
3-2: Base on Balls
Tetsuhiko Okubo to third
Jorge García to second
Pitching: LHP José Juárez
Batting: RHB Jesús Valenzuela 0-0: Ball
1-0: Called Strike
1-1: Called Strike
1-2: Ball
2-2: Foul Ball, location: 2F
2-2: Foul Ball, location: 23F
2-2: Foul Ball, location: 3F
2-2: Foul Ball, location: 25F
2-2: Strikes out swinging
Bottom of the 3rd over - 2 runs, 2 hits, 0 errors, 3 left on base; DSL Cleveland 2 - DSL Jacksonville 5
TOP OF THE 4TH
DSL Cleveland Guardians batting - Pitching for DSL Jacksonville Bombers : RHP Juan Martínez
Batting: RHB Cisco Valdéz 0-0: Called Strike
0-1: Foul Ball, location: 9LMFF
0-2: Strikes out swinging
Batting: RHB Luis Castillo 0-0: Called Strike
0-1: Foul Ball, location: 2F
0-2: SINGLE (Groundball, 6, EV 79.4 MPH) (infield hit)
Batting: SHB Samuel Avery 0-0: Ball
1-0: Swinging Strike
1-1: Foul Ball, location: 3F
1-2: Ball
2-2: SINGLE (Groundball, 4, EV 103.8 MPH) (infield hit)
Luis Castillo to second
Batting: RHB César Martínez 0-0: Foul Ball, location: 9LSF
0-1: Called Strike
0-2: Foul Ball, location: 9LSFF
0-2: Foul Ball, location: 9LDF
0-2: SINGLE (Groundball, 4MD, EV 100.6 MPH)
Luis Castillo to third
Samuel Avery to second
Runner from 3rd tries for Home, SAFE, throw by CF to home
Batting: RHB Dani Cruz 0-0: Ball
1-0: Reached on error, E5 (Groundball, 56S, EV 90.6 MPH)
Samuel Avery to third
César Martínez to second
Batting: RHB Sergio González 0-0: Fly out, F8 (Flyball, 8LM, EV 98.8 MPH)
Batting: LHB Tony Jiménez 0-0: Ball
1-0: Foul Ball, location: 2F
1-1: Foul Ball, location: 2F
1-2: Foul Ball, location: 2F
1-2: Ball
2-2: Strikes out swinging
Top of the 4th over - 1 run, 3 hits, 1 error, 3 left on base; DSL Cleveland 3 - DSL Jacksonville 5
BOTTOM OF THE 4TH
DSL Jacksonville Bombers batting - Pitching for DSL Cleveland Guardians : LHP José Juárez
Batting: RHB Jim Unknown 0-0: Foul Ball, location: 2F
0-1: Ball
1-1: Ball
2-1: Ball
3-1: SINGLE (Line Drive, 6D, EV 100.0 MPH)
Batting: RHB Juan Miranda 0-0: Sac Bunt to 15 - play at second, runner OUT! 1-6
Batting: LHB Freddy Abreu 0-0: Ball
Pickoff Throw to First - Error! E1
Juan Miranda to second
1-0: Swinging Strike
1-1: Ground out 4-3 (Groundball, 4, EV 88.8 MPH)
Juan Miranda to third
Batting: RHB José Castillo 0-0: Swinging Strike
0-1: 2-RUN HOME RUN (Flyball, 7D, EV 103.1 MPH), Distance : 381 ft
Batting: RHB Tetsuhiko Okubo 0-0: Foul Ball, location: 25F
0-1: Foul Ball, location: 2LF
0-2: Ball
1-2: Ball
2-2: Ball
3-2: Foul Ball, location: 3SF
3-2: Strikes out swinging, 2-3 out at first.
Bottom of the 4th over - 2 runs, 2 hits, 1 error, 0 left on base; DSL Cleveland 3 - DSL Jacksonville 7
TOP OF THE 5TH
DSL Cleveland Guardians batting - Pitching for DSL Jacksonville Bombers : RHP Juan Martínez
Batting: RHB José Fuentes 0-0: Called Strike
0-1: Fly out, F9 (Flyball, 9LS, EV 86.3 MPH)
Batting: RHB António Miranda 0-0: Ground out 6-3 (Groundball, 6, EV 87.5 MPH)
Batting: RHB Cisco Valdéz 0-0: Ground out 4-3 (Groundball, 4M, EV 84.4 MPH)
Top of the 5th over - 0 runs, 0 hits, 0 errors, 0 left on base; DSL Cleveland 3 - DSL Jacksonville 7
BOTTOM OF THE 5TH
DSL Jacksonville Bombers batting - Pitching for DSL Cleveland Guardians : LHP José Juárez
Batting: RHB Jorge García 0-0: Foul Ball, location: 23FF
0-1: Ground out 5-3 (Groundball, 5L, EV 105.6 MPH)
Batting: RHB Bernardo Muñóz 0-0: Ball
1-0: DOUBLE (Line Drive, 7LM, EV 91.9 MPH)
Batting: RHB Norberto Morales 0-0: Foul Ball, location: 9LMF
0-1: Ball
1-1: Ball
2-1: Ball
3-1: Foul Ball, location: 3FF
3-2: Foul Ball, location: 5DF
3-2: Base on Balls
Batting: RHB Jesús Valenzuela 0-0: Called Strike
0-1: Ball
Wild Pitch!
Bernardo Muñóz to third
Norberto Morales to second
1-1: Swinging Strike
1-2: Ball
2-2: Ball
3-2: Foul Ball, location: 9LSF
3-2: Strikes out swinging
Batting: RHB Jim Unknown 0-0: Swinging Strike
0-1: Swinging Strike
0-2: Ball
1-2: Ball
2-2: Strikes out swinging
Bottom of the 5th over - 0 runs, 1 hit, 0 errors, 2 left on base; DSL Cleveland 3 - DSL Jacksonville 7
TOP OF THE 6TH
DSL Cleveland Guardians batting - Pitching for DSL Jacksonville Bombers : RHP Juan Martínez
Batting: RHB Luis Castillo 0-0: Swinging Strike
0-1: Foul Ball, location: 2F
0-2: Foul Ball, location: 9LDF
0-2: Strikes out looking
Batting: SHB Samuel Avery 0-0: Called Strike
0-1: Ball
1-1: Foul Ball, location: 7LMF
1-2: Strikes out looking
Batting: RHB César Martínez 0-0: Called Strike
0-1: Swinging Strike
0-2: Strikes out looking
Top of the 6th over - 0 runs, 0 hits, 0 errors, 0 left on base; DSL Cleveland 3 - DSL Jacksonville 7
BOTTOM OF THE 6TH
DSL Jacksonville Bombers batting - Pitching for DSL Cleveland Guardians : LHP José Juárez
Batting: RHB Juan Miranda 0-0: Ball
1-0: Fly out, F3 (Popup, 34, EV 58.8 MPH)
Batting: LHB Freddy Abreu 0-0: Ball
1-0: Ball
2-0: SINGLE (Line Drive, 8RS, EV 110.6 MPH)
Pitching: RHP Norberto Vázquez
Batting: RHB José Castillo 0-0: Called Strike
0-1: Called Strike
Freddy Abreu steals 2nd base
0-2: Foul Ball, location: 23F
0-2: Strikes out swinging
Batting: RHB Tetsuhiko Okubo 0-0: Called Strike
0-1: 2-RUN HOME RUN (Flyball, 78XD, EV 109.4 MPH), Distance : 430 ft
Batting: RHB Jorge García 0-0: Ground out 4-3 (Groundball, 4, EV 101.9 MPH)
Bottom of the 6th over - 2 runs, 2 hits, 0 errors, 0 left on base; DSL Cleveland 3 - DSL Jacksonville 9
TOP OF THE 7TH
DSL Cleveland Guardians batting - Pitching for DSL Jacksonville Bombers : RHP Juan Martínez
Pitching: LHP Luis Quintero
Batting: RHB Dani Cruz 0-0: Ball
1-0: Ball
2-0: Swinging Strike
2-1: Foul Ball, location: 9LDF
2-2: Foul Ball, location: 9LMF
2-2: Foul Ball, location: 2F
2-2: Ball
3-2: Strikes out swinging
Batting: RHB Sergio González 0-0: Called Strike
0-1: Ball
1-1: Called Strike
1-2: Ball
2-2: Strikes out looking
Pinch Hitting: RHB Enrico González 0-0: Ground out 6-3 (Groundball, 6, EV 100.0 MPH)
Top of the 7th over - 0 runs, 0 hits, 0 errors, 0 left on base; DSL Cleveland 3 - DSL Jacksonville 9
BOTTOM OF THE 7TH
DSL Jacksonville Bombers batting - Pitching for DSL Cleveland Guardians : RHP Norberto Vázquez
Now in RF: Edgar López
Batting: RHB Bernardo Muñóz 0-0: Called Strike
0-1: Ball
1-1: Hit by Pitch
Batting: RHB Norberto Morales 0-0: Swinging Strike
0-1: Swinging Strike
0-2: Strikes out swinging
Bernardo Muñóz steals 2nd base
Batter strikes out.
Batting: RHB Jesús Valenzuela 0-0: Ground out 6-3 (Groundball, 4MD, EV 105.0 MPH)
Bernardo Muñóz to third
Batting: RHB Jim Unknown 0-0: Ball
1-0: Called Strike
1-1: Ball
2-1: Called Strike
2-2: Strikes out swinging
Bottom of the 7th over - 0 runs, 0 hits, 0 errors, 1 left on base; DSL Cleveland 3 - DSL Jacksonville 9
TOP OF THE 8TH
DSL Cleveland Guardians batting - Pitching for DSL Jacksonville Bombers : LHP Luis Quintero
Batting: RHB José Fuentes 0-0: Ball
1-0: Ground out 5-3 (Groundball, 56, EV 88.1 MPH)
Batting: RHB António Miranda 0-0: Ball
1-0: Called Strike
1-1: Fly out, F3 (Line Drive, 3L, EV 65.0 MPH)
Batting: RHB Cisco Valdéz 0-0: Ball
1-0: Ball
2-0: Ball
3-0: Called Strike
3-1: Base on Balls
Batting: RHB Luis Castillo 0-0: Foul Ball, location: 2F
0-1: Swinging Strike
0-2: Ball
1-2: Ball
2-2: Ball
3-2: Fly out, F7 (Flyball, 78D, EV 93.8 MPH)
Top of the 8th over - 0 runs, 0 hits, 0 errors, 1 left on base; DSL Cleveland 3 - DSL Jacksonville 9
BOTTOM OF THE 8TH
DSL Jacksonville Bombers batting - Pitching for DSL Cleveland Guardians : RHP Norberto Vázquez
Pinch Hitting: SHB José Murillo 0-0: Called Strike
0-1: Ball
1-1: Foul Ball, location: 2F
1-2: Foul Ball, location: 2F
1-2: Strikes out looking
Batting: LHB Freddy Abreu 0-0: Foul Ball, location: 7LSF
0-1: Ball
1-1: Called Strike
1-2: Strikes out swinging
Batting: RHB José Castillo 0-0: Called Strike
0-1: Called Strike
0-2: Fly out, F9 (Flyball, 9, EV 85.6 MPH)
Bottom of the 8th over - 0 runs, 0 hits, 0 errors, 0 left on base; DSL Cleveland 3 - DSL Jacksonville 9
TOP OF THE 9TH
DSL Cleveland Guardians batting - Pitching for DSL Jacksonville Bombers : LHP Luis Quintero
Now in CF: José Murillo
Now in RF: José Castillo
Batting: SHB Samuel Avery 0-0: Ball
1-0: Ball
2-0: Ball
3-0: Called Strike
3-1: Foul Ball, location: 2F
3-2: Base on Balls
Batting: RHB César Martínez 0-0: Ball
1-0: Ball
2-0: Foul Ball, location: 2F
2-1: Ball
3-1: Base on Balls
Samuel Avery to second
Batting: RHB Dani Cruz 0-0: Ball
1-0: Ball
2-0: Foul Ball, location: 9LMF
2-1: Foul Ball, location: 9LSF
2-2: Ball
3-2: Strikes out looking
Batting: RHB Sergio González 0-0: Ball
1-0: Called Strike
1-1: Ball
2-1: Fly out, F7 (Flyball, 7, EV 90.0 MPH)
Batting: RHB Edgar López 0-0: Called Strike
0-1: Called Strike
0-2: Ball
Wild Pitch!
Samuel Avery to third
César Martínez to second
1-2: Foul Ball, location: 9LMF
1-2: Strikes out swinging
Top of the 9th over - 0 runs, 0 hits, 0 errors, 2 left on base; DSL Cleveland 3 - DSL Jacksonville 9
Friday, May 3rd , 2024 - OOTP Baseball 24.10 Build 82